 Dungeon Crawl Stone Soup version 0.29-a0-575-g0dc89cf053 (webtiles) character file.

Game seed: 3646510768722342341

151 xian the Conjurer (level 5, -1/28 HPs)
             Began as a Deep Elf Conjurer on June 12, 2022.
             Succumbed to a scorpion's poison
             ... on level 3 of the Dungeon.
             The game lasted 00:04:12 (2318 turns).

xian the Conjurer (Deep Elf Conjurer)               Turns: 2318, Time: 00:04:13

Health: -1/28      AC:  4    Str:  4    XL:     5   Next: 10%
Magic:  18/23      EV: 12    Int: 31    God:
Gold:   109        SH:  0    Dex: 13    Spells: 11/14 levels left

rFire   . . .      SeeInvis .   f - +0 club
rCold   . . .      Faith    .   (no shield)
rNeg    . . .      Spirit   .   a - +0 robe
rPois   .          Reflect  .   l - +0 helmet
rElec   .          Harm     .   (no cloak)
rCorr   .          Rampage  .   k - +0 pair of gloves
Will    .....                   (no boots)
Stlth   ++........              (no amulet)
HPRegen 0.09/turn               g - +6 ring of intelligence
MPRegen 0.18/turn               i - ring of magical power

@: lethally poisoned (-1 -> -15)
A: screaming 1
a: no special abilities


You were on level 3 of the Dungeon.
You visited 1 branch of the dungeon, and saw 3 of its levels.

You collected 109 gold pieces.

Inventory:

Hand Weapons
 f - a +0 club (weapon)
Armour
 a - a +0 robe (worn)
 k - a +0 pair of gloves (worn)
 l - a +0 helmet (worn)
Jewellery
 g - a +6 ring of intelligence (left hand)
 i - a ring of magical power (right hand)
 n - a +4 ring of protection
Potions
 b - a potion of magic
 c - a potion of mutation
 d - 3 potions of ambrosia
 e - a potion of curing {unknown}
 h - 3 potions of haste {unknown}
 j - a potion of brilliance {unknown}
 m - a potion of heal wounds {unknown}


   Skills:
 + Level 2.6 Dodging
 + Level 3.1 Stealth
 + Level 5.0 Spellcasting
 + Level 5.8 Conjurations


You had 11 spell levels left.
You knew the following spells:

 Your Spells              Type           Power      Damage    Failure   Level
a - Magic Dart            Conj           100%       1d8       1%          1
b - Searing Ray           Conj           88%        2d7       1%          2

Your spell library contained the following spells:

 Spells                   Type           Power      Damage    Failure   Level
 Dazzling Flash           Conj/Hex       50%        N/A       4%          3
 Necrotize                Necr           28%        1d5       5%          1
 Ozocubu's Armour         Ice            7%         N/A       16%         3
 Vampiric Draining        Necr           7%         2d6       16%         3
 Fulminant Prism          Conj/Hex       12%        3d9       16%         4
 Iskenderun's Mystic Bla  Conj/Tloc      25%        2d7       16%         4
 Animate Dead             Necr           7%         N/A       47%         4
 Agony                    Necr           7%         N/A       83%         5
 Metabolic Englaciation   Hex/Ice        3%         N/A       83%         5
 Simulacrum               Ice/Necr       3%         N/A       100%        6
 Haunt                    Necr/Summ      3%         N/A       100%        7
 Infestation              Necr           3%         N/A       100%        8


Dungeon Overview and Level Annotations

Branches:
Dungeon (3/15)

Altars:


Innate Abilities, Weirdness & Mutations

You occasionally shout uncontrollably at your foes.


Message History

You can't see any susceptible monsters within range! (Use Z to cast anyway.)
You can't see any susceptible monsters within range! (Use Z to cast anyway.)
You can't see any susceptible monsters within range! (Use Z to cast anyway.)
Found 9 gold pieces.
A scorpion comes into view.
You catch the helpless scorpion completely off-guard!
You hit the scorpion but do no damage. The scorpion stings you.
You barely miss the scorpion. The scorpion stings you.
You are poisoned.
The scorpion poisons you!
The scorpion stings you but does no damage.
You hit the scorpion but do no damage.
You feel very sick. The scorpion stings you.
You are more poisoned.
The scorpion poisons you!
You aren't carrying any scrolls.
Okay, then.
Casting: Magic Dart (safe; 1% risk of failure)
Confirm with . or Enter, or press ? or * to list all spells.
Aiming: Searing Ray (safe; 1% risk of failure)
Press: ? - help, Shift-Dir - straight line, f - scorpion
Aim: a scorpion (82% to hit)
The searing ray hits the scorpion!
The scorpion is heavily wounded. (Press . to maintain the ray.)
* * * LOW HITPOINT WARNING * * *
You feel very sick. The scorpion barely misses you.
The searing ray hits the scorpion!
You kill the scorpion!
* * * LOW HITPOINT WARNING * * *
You feel very sick.
Your Stealth skill increases to level 3!
Your Spellcasting skill increases to level 5!
You have reached level 5!
You aren't carrying any scrolls.
It was a potion of mutation.
You feel extremely strange.
You feel the urge to shout.
You die...

.........##.......##.# #.###
.....................# #.##.
.........############# #.##.
..<.......#################.##.
...............................
............###############.##.
...).)#####.# #.##.
..........#.####### #.##.
..............@...# .....
....###...#.##....# #.##. ....
#...#.##....# ..##. ... ###
#.##....# ####. #.##....#
#.####### $.# + ### # .


There were no monsters in sight!

Vanquished Creatures
  A scorpion (D:3)
  3 adders
  A worm (D:2)
  2 dart slugs
  An orc (D:3)
  10 ball pythons
  8 endoplasms
  8 goblins
  4 hobgoblins
  2 quokkas
  6 bats (D:1)
  2 kobolds (D:2)
  4 rats
52 creatures vanquished.

Notes
Turn   | Place    | Note
-------+----------+-------------------------------------------
     0 | D:1      | xian the Deep Elf Conjurer began the quest for the Orb.
     0 | D:1      | Reached XP level 1. HP: 10/10 MP: 6/6
   107 | D:1      | Reached XP level 2. HP: 15/15 MP: 4/8
   253 | D:1      | Found a faded altar of an unknown god.
   381 | D:1      | Reached skill level 5 in Conjurations
   519 | D:1      | Reached XP level 3. HP: 19/19 MP: 6/10
  1543 | D:2      | Learned a level 2 spell: Searing Ray
  1929 | D:2      | Reached XP level 4. HP: 24/24 MP: 12/12
  2309 | D:3      | Noticed a scorpion
  2317 | D:3      | Killed a scorpion
  2318 | D:3      | Reached skill level 5 in Spellcasting
  2318 | D:3      | Reached XP level 5. HP: 2/28 MP: 14/14
  2318 | D:3      | Gained mutation: You occasionally shout uncontrollably at
                  | your foes. [potion of mutation]
  2318 | D:3      | Succumbed to a scorpion's poison

Illustrated notes

Levels and vault maps discovered:
D:1:      dpeg_arrival_arbitrary_a, layout_loops_ring,
          shapermc_ecumenical_altar_totnotflames
D:2:      layout_loops_ring, serial_park_tiny_1
D:3:      layout_basic, portal_sewer_entry_b

Skill      XL: |  1  2  3  4 |
---------------+-------------+-----
Conjurations   | 5 |  5.8
Spellcasting   | 4 5 |  5.0
Stealth        | 3 |  3.1
Dodging        | |  2.6

Action                   |  1- 3 |  4- 6 || total
-------------------------+-------+-------++-------
Melee: Club              |       |     3 ||     3
 Cast: Magic Dart        |    74 |    17 ||    91
       Searing Ray       |       |     1 ||     1
  Use: Scroll            |       |     2 ||     2
       Potion            |       |     1 ||     1
 Stab: Distracted        |       |     1 ||     1
Armor: Robe              |       |     1 ||     1
Dodge: Dodged            |     1 |     1 ||     2

Table legend: (Time is in decaauts)
 A = Elapsed time spent in this place.
 B = Non-inter-level travel time spent in this place.
 C = Inter-level travel time spent in this place.
 D = Time resting spent in this place.
 E = Time spent auto-exploring this place.
 F = Levels seen in this place.
 G = Mean time per level.
                   A        B        C        D        E       F      G
               +--------+--------+--------+--------+--------+-----+--------+
         Total |   2316 |   2195 |    121 |      0 |   1925 |   3 |  772.0 |
       Dungeon |   2316 |   2195 |    121 |      0 |   1925 |   3 |  772.0 |
               +--------+--------+--------+--------+--------+-----+--------+

Top non-repeatable levels by time:
     D:1: 1124 daAuts
     D:2: 1006 daAuts
     D:3: 186 daAuts
